 Seeded DCSS version 0.30-a0-739-gea05faddec (webtiles) character file.

Game seed: 4218672823355768592 (custom seed)

161 timneilson the Shield-Bearer (level 5, -6/33 HPs)
             Began as a Gargoyle Fighter on Feb 5, 2023.
             Mangled by a wight
             ... wielding a +4 great sword of freezing
              (20 damage)
             ... on level 4 of the Dungeon.
             The game lasted 00:03:03 (2616 turns).

timneilson the Shield-Bearer (Gargoyle Fighter)     Turns: 2616, Time: 00:03:04

Health: -6/33      AC: 13    Str: 20    XL:     5   Next: 42%
Magic:  5/5        EV:  6    Int:  8    God:
Gold:   149        SH:  8    Dex: 11    Spells: 4/4 levels left

rFire   . . .      SeeInvis .    a - +0 long sword
rCold   . . .      Faith    .    n - +0 kite shield
rNeg    + . .      Spirit   .    k - +0 chain mail
rPois   ∞          Reflect  .    (no helmet)
rElec   +          Harm     .    (no cloak)
rCorr   .          Rampage  .    (no gloves)
Will    .....                    (no boots) Stlth
                                 h - amulet of the acrobat
HPRegen 0.25/turn                (no ring)
MPRegen 0.09/turn                (no ring)

@: mighty, studying Shields
A: sickness immunity, AC +4, negative energy resistance 1, electricity
resistance, torment resistance 1, petrification resistance
a: no special abilities


You were on level 4 of the Dungeon.
You visited 1 branch of the dungeon, and saw 4 of its levels.

You collected 149 gold pieces.

Inventory:

Hand Weapons
 a - a +0 long sword (weapon)
Armour
 k - a +0 chain mail (worn)
 n - a +0 kite shield (worn)
Jewellery
 h - an amulet of the acrobat (around neck)
Wands
 c - a wand of flame (20)
Scrolls
 f - 3 scrolls of fear
 m - 2 scrolls of teleportation
Potions
 d - a potion of might
 e - 2 potions of brilliance
 g - 2 potions of curing
 i - 2 potions of mutation {unknown}
 j - a potion of haste {unknown}
 l - a potion of berserk rage {unknown}
 o - a potion of lignification {unknown}


   Skills:
 + Level 3.8 Fighting
 * Level 2.8 Long Blades
 * Level 4.2 Armour
 + Level 1.2 Dodging
 * Level 4.7 Shields
 + Level 0.2 Evocations


You had 4 spell levels left.
You didn't know any spells.
Your spell library contained the following spells:

 Spells                   Type           Power      Damage    Failure   Level
 Ozocubu's Armour         Ice            0%         N/A       100%        3
 Metabolic Englaciation   Hex/Ice        0%         N/A       100%        5
 Simulacrum               Ice/Necr       0%         N/A       100%        6


Dungeon Overview and Level Annotations

Branches:
Dungeon (4/15)
 Temple: D:4-7

Altars:


Innate Abilities, Weirdness & Mutations

You are immune to sickness and miasma.
Your stone body is resilient. (AC +4)
You are immune to poison.
You resist negative energy. (rN+)
You are resistant to electric shocks. (rElec)
You are resistant to unholy torment.
You are immune to petrification.


Message History

There is a stone staircase leading up here.
i - 2 orange potions (gained 1)
Found a stone staircase leading down.
e - 2 potions of brilliance (gained 1)
d - 2 potions of might (gained 1)
A wight comes into view. It is wielding a +0 flail.
A wight comes into view.
It is wielding a +4 great sword of freezing.
You hit the wight.
The wight is moderately damaged.
The wight hits you with a +0 flail. The wight hits you but does no damage.
You hit the wight.
The wight is severely damaged.
The wight hits you but does no damage.
You closely miss the wight.
The wight is severely damaged.
The wight hits you with a +0 flail.
You slash the wight!
You destroy the wight!
The wight hits you with a +4 great sword of freezing.
The wight freezes you.
You have reached level 5!
You feel very mighty all of a sudden.
The wight hits you with a +4 great sword of freezing!
* * * LOW HITPOINT WARNING * * *
The wight freezes you.
* * * LOW HITPOINT WARNING * * *
You hit the wight.
The wight is lightly damaged.
You block the wight's attack.
You closely miss the wight.
The wight is lightly damaged.
You block the wight's attack.
The wight hits you with a +4 great sword of freezing.
* * * LOW HITPOINT WARNING * * *
The wight freezes you.
* * * LOW HITPOINT WARNING * * *
It was a potion of curing.
You feel better.
The wight hits you with a +4 great sword of freezing!!
Ouch! That really hurt!
You die...

#.##.##.# #..# ###.#
#.#.#### #..#
.....###.....# #z.#
....#.#.####.# #..#
.......## #.# #z.#
.......# #.# #..#
#...#### #.# #..# ....#
#.#######..#
....########....@z....#
.[...........#######.##
......###.##########.#
......<..............#
#.....###.############
#.........# ###########


You could see a wight.

Vanquished Creatures
  A wight (D:4)
  An orc wizard (D:3)
  2 adders
  5 orcs (D:3)
  3 ball pythons
  3 bats
  6 endoplasms
  3 giant cockroaches (D:1)
  8 goblins
  6 hobgoblins
  3 jackals (D:1)
  4 kobolds
  2 quokkas
  3 frilled lizards
  5 rats
55 creatures vanquished.

Notes
Turn   | Place    | Note
-------+----------+-------------------------------------------
     0 | D:1      | timneilson the Gargoyle Fighter began the quest for the
                  | Orb.
     0 | D:1      | Reached XP level 1. HP: 14/14 MP: 1/1
   178 | D:1      | Reached XP level 2. HP: 19/19 MP: 2/2
   468 | D:1      | Reached XP level 3. HP: 23/23 MP: 3/3
  1377 | D:2      | Reached XP level 4. HP: 25/28 MP: 4/4
  1701 | D:2      | Identified a scroll of acquirement
  1701 | D:2      | Acquired a manual of Shields
  2066 | D:3      | Reached skill level 1 in Dodging
  2613 | D:4      | Reached XP level 5. HP: 17/33 MP: 5/5
  2616 | D:4      | Mangled by a wight

Illustrated notes

Levels and vault maps discovered:
D:1:      dpeg_arrival_more_subterranean_lakeside_camping, layout_basic,
          serial_curves, eino_curves_01, eino_curves_02
D:2:      layout_basic
D:3:      layout_basic, hex_medium
D:4:      layout_loops_ring, nicolae_overflow_hidden_temple

Skill      XL: |  1  2  3  4 |
---------------+-------------+-----
Long Blades    | 2 |  2.8
Shields        | 4 |  4.7
Dodging        | 1 |  1.2
Armour         | 4 |  4.2
Fighting       | |  3.8
Evocations     | |  0.2

Action                     |  1- 3 |  4- 6 || total
---------------------------+-------+-------++-------
  Melee: Long sword        |   158 |    71 ||   229
    Use: Scroll            |     6 |     6 ||    12
         Potion            |       |     2 ||     2
 Armour: Scale mail        |    98 |    19 ||   117
         Chain mail        |       |    27 ||    27
  Dodge: Dodged            |    70 |    19 ||    89
  Block: Buckler           |    35 |     1 ||    36
         Kite shield       |       |    29 ||    29

Table legend: (Time is in decaauts)
 A = Elapsed time spent in this place.
 B = Non-inter-level travel time spent in this place.
 C = Inter-level travel time spent in this place.
 D = Time resting spent in this place.
 E = Time spent auto-exploring this place.
 F = Levels seen in this place.
 G = Mean time per level.
                   A        B        C        D        E       F      G
               +--------+--------+--------+--------+--------+-----+--------+
         Total |   2700 |   2620 |     80 |     76 |   1982 |   4 |  675.0 |
       Dungeon |   2700 |   2620 |     80 |     76 |   1982 |   4 |  675.0 |
               +--------+--------+--------+--------+--------+-----+--------+

Top non-repeatable levels by time:
     D:2: 998 daAuts
     D:1: 816 daAuts
     D:3: 801 daAuts
     D:4: 83 daAuts
